 Dungeon Crawl Stone Soup version 0.31-a0-329-g52107efa6a (webtiles) character file.

Game seed: 2881035382141803962

159 BritishOli the Trooper (level 5, 0/42 HPs)
             Began as a Demonspawn Fighter on July 19, 2023.
             Slain by a hound (2 damage)
             ... on level 4 of the Dungeon.
             The game lasted 00:03:35 (2006 turns).

BritishOli the Trooper (Demonspawn Fighter)         Turns: 2006, Time: 00:03:35

Health: 0/42       AC:  8    Str: 18    XL:     5   Next: 17%
Magic:  5/5        EV:  9    Int:  9    God:
Gold:   118        SH:  5    Dex: 13    Spells: 4/4 levels left

rFire   . . .        j - +7 staff of the Meek {protect, meekguard}
rCold   . . .        (shield currently unavailable)
rNeg    . . .        b - +0 scale mail
rPois   .            (no helmet)
rElec   .            f - +0 cloak
rCorr   .            (no gloves)
SInv    .            (no boots)
Will    .....        g - amulet of reflection Stlth
                     (no ring)
HPRegen 0.27/turn    (no ring)
MPRegen 0.18/turn

%: reflection
@: no status effects
A: claws 2, magic regeneration
a: no special abilities


You were on level 4 of the Dungeon.
You visited 1 branch of the dungeon, and saw 4 of its levels.

You collected 118 gold pieces.

Inventory:

Hand Weapons
 j - the +7 staff of the Meek (weapon) {protect, meekguard}
   (You took it off a kobold on level 3 of the Dungeon)
 l - a +0 rapier of venom
Armour
 b - a +0 scale mail (worn)
 c - a +0 buckler
 f - a +0 cloak (worn)
Jewellery
 g - an amulet of reflection (around neck)
 i - an amulet of regeneration
Scrolls
 e - 2 scrolls of identify {unknown}
 h - 3 scrolls of immolation {unknown}
 k - a scroll of fear {unknown}
Potions
 a - a potion of heal wounds {unknown}
 d - a potion of might
 m - a potion of invisibility {unknown}
 n - a potion of ambrosia {unknown}


   Skills:
 + Level 4.0 Fighting
 + Level 3.0 Long Blades
 + Level 3.6 Armour
 - Level 3.2 Shields


You had 4 spell levels left.
You didn't know any spells.
Your spell library contained the following spells:

 Spells                   Type           Power      Damage    Failure   Level
 Ensorcelled Hibernation  Hex/Ice        0%         N/A       88%         2
 Anguish                  Hex/Necr       0%         N/A       100%        4


Dungeon Overview and Level Annotations

Branches:
Dungeon (4/15)
 Temple: D:4-7

Altars:
Ru

Annotations:
D:2 Sigmund


Innate Abilities, Weirdness & Mutations

You have very sharp fingernails.
You regenerate magic rapidly.


Message History

The hound bites you.
* * * LOW HITPOINT WARNING * * *
The hound bites you but does no damage. You block the hound's attack.
The hound barely misses you. The hound barely misses you. The hound bites you.
* * * LOW HITPOINT WARNING * * *
The hound bites you but does no damage. The hound barely misses you.
The hound closely misses you. The hound barely misses you.
The hound barely misses you. The hound closely misses you. The hound bites you.
* * * LOW HITPOINT WARNING * * *
The hound bites you but does no damage. The hound bites you but does no damage.
The hound bites you.
* * * LOW HITPOINT WARNING * * *
The hound barely misses you. You block the hound's attack.
The hound barely misses you. The hound barely misses you.
The hound bites you but does no damage. The hound barely misses you.
The hound closely misses you. The hound barely misses you. x2
The hound bites you.
* * * LOW HITPOINT WARNING * * *
The hound bites you but does no damage. The hound misses you.
The hound misses you. The hound barely misses you.
The hound bites you but does no damage. The hound barely misses you.
The hound barely misses you. You block the hound's attack.
The hound bites you but does no damage. The hound bites you but does no damage.
You block the hound's attack. The hound barely misses you.
The hound bites you but does no damage. You block the hound's attack.
You hear the slow rusting of a very distant drain.
The hound pauses to sniff the ground.
The hound completely misses you. The hound closely misses you.
The hound bites you.
* * * LOW HITPOINT WARNING * * *
The hound bites you.
You die...

### #..
###.#
...#
##h#####
#..@...#
#..###.#
#<.....#
#.#.####
#.#.#
#.#.#
#.#.#
..#.#
###.#


You could see a hound.

Vanquished Creatures
  An orc priest (D:3)
  Natasha (D:2)
  2 orc wizards (D:3)
  An adder (D:3)
  3 dart slugs
  2 orcs (D:3)
  4 bats
  3 endoplasms
  2 giant cockroaches
  3 hobgoblins (D:1)
  2 quokkas (D:1)
  4 ball pythons
  3 frilled lizards
  5 goblins (D:1)
  3 kobolds
  4 rats
43 creatures vanquished.

Notes
Turn   | Place    | Note
-------+----------+-------------------------------------------
     0 | D:1      | BritishOli the Demonspawn Fighter began the quest for the
                  | Orb.
     0 | D:1      | Reached XP level 1. HP: 18/18 MP: 1/1
   168 | D:1      | Gained mutation: You have sharp fingernails. [demonic
                  | ancestry]
   168 | D:1      | Reached XP level 2. HP: 24/24 MP: 2/2
   740 | D:1      | Reached XP level 3. HP: 28/29 MP: 3/3
   995 | D:2      | Noticed Natasha
  1027 | D:2      | Killed Natasha
  1088 | D:2      | Noticed Sigmund
  1563 | D:3      | Found a sacrificial altar of Ru.
  1620 | D:3      | Gained mutation: You regenerate magic rapidly. [demonic
                  | ancestry]
  1620 | D:3      | Reached XP level 4. HP: 29/36 MP: 4/4
  1761 | D:3      | Reached skill level 4 in Fighting
  1761 | D:3      | Gained mutation: You have very sharp fingernails. [demonic
                  | ancestry]
  1761 | D:3      | Reached XP level 5. HP: 12/42 MP: 5/5
  1987 | D:4      | HP: 1/42 [hound (3)]
  1994 | D:4      | HP: 2/42 [hound (1)]
  2005 | D:4      | HP: 2/42 [hound (3)]
  2006 | D:4      | Slain by a hound

Illustrated notes

Levels and vault maps discovered:
D:1:      amcnicky_arrival_abandoned_market, layout_basic
D:2:      layout_basic, basic_altar, chequers_serial_rivers_small_a,
          uniq_sigmund, uniq_natasha
D:3:      layout_basic, nicolae_ru_sacrificial_ziggurat, serial_shops,
          nicolae_lakefront_shop, kennysheep_potato
D:4:      layout_basic, lemuel_temple_firewalk_b, portal_sewer_entry_b

Skill      XL: |  1  2  3  4 |
---------------+-------------+-----
Long Blades    | 2 3 |  3.0
Shields        | 3 |  3.2
Armour         | 3 |  3.6
Fighting       | 4 |  4.0

Action                     |  1- 3 |  4- 6 || total
---------------------------+-------+-------++-------
  Melee: Long sword        |   117 |       ||   117
         Quarterstaff      |     8 |    26 ||    34
    Use: Scroll            |     1 |       ||     1
 Armour: Scale mail        |    65 |    76 ||   141
  Dodge: Dodged            |    57 |    72 ||   129
  Block: Buckler           |    68 |       ||    68
         Reflection        |     2 |       ||     2
         Other             |       |    27 ||    27

Table legend: (Time is in decaauts)
 A = Elapsed time spent in this place.
 B = Non-inter-level travel time spent in this place.
 C = Inter-level travel time spent in this place.
 D = Time resting spent in this place.
 E = Time spent auto-exploring this place.
 F = Levels seen in this place.
 G = Mean time per level.
                   A        B        C        D        E       F      G
               +--------+--------+--------+--------+--------+-----+--------+
         Total |   2055 |   1984 |     71 |     96 |   1370 |   4 |  513.8 |
       Dungeon |   2055 |   1984 |     71 |     96 |   1370 |   4 |  513.8 |
               +--------+--------+--------+--------+--------+-----+--------+

Top non-repeatable levels by time:
     D:1: 1026 daAuts
     D:3: 784 daAuts
     D:2: 141 daAuts
     D:4: 102 daAuts
